AoeStats
← Malelf

Hideout

507685050Analyzed
1v1 RM · 13d ago on Sep 19, 2026· 24m 10s· 2 players
Game mode
Random Map
Map size
Tiny (2 player)
Population
200
Speed
Normal
Resources
Standard
Victory
Conquest
Starting age
Dark Age
Ending age
Imperial Age
RankedLock teamsTeams togetherTeam positionsShared explorationLock speedFull tech treeHidden civsTurbo modeCheats
Victory
Defeat
🇳🇱 Saracens · Netherlands
1716
+16
🇮🇹 Franks · Italy
1707
-16
Malelf
6:58 Loom
9:18 Feudal Age
10:00 Man-at-Arms
15:27 Double-Bit Axe
17:52 Fletching
19:49 Padded Archer Armor
rastko
6:49 Loom
9:31 Feudal Age
10:55 Fletching
17:26 Padded Archer Armor
19:27 Gold Mining
19:41 Double-Bit Axe
23:49 Castle Age
21:55 Horse Collar
24:02 Crossbowman
24:39 Bodkin Arrow
24:51 Thumb Ring
Connection lost

Rejoining the realm…

Still unreachable

The connection could not be restored.

Session expired

The server has moved on; the page needs a fresh start.